 Dungeon Crawl Stone Soup version 0.21.1-1-g345015fe64 (webtiles) character file.

16954 Henning the Severer (level 12, -5/110 HPs)
             Began as a Minotaur Berserker on June 15, 2018.
             Was a High Priest of Trog.
             Slain by a two-headed ogre
             ... wielding a +0 giant club
              (13 damage)
             ... on level 11 of the Dungeon.
             The game lasted 00:30:04 (8287 turns).

Henning the Severer (Minotaur Berserker)            Turns: 8287, Time: 00:30:06

Health: -5/110     AC: 20    Str: 25    XL:     12   Next: 14%
Magic:  11/11      EV: 10    Int:  4    God:    Trog [*****.]
Gold:   720        SH:  0    Dex: 12    Spells: 11/11 levels left

rFire    . . .     SeeInvis .   F - +2 war axe (freeze) (curse)
rCold    . . .     Gourm    +   (no shield)
rNeg     + . .     Faith    .   J - +0 plate armour
rPois    .         Spirit   .   (helmet restricted)
rElec    .         Reflect  .   M - +2 cloak
rCorr    .         Harm     .   (no gloves)
MR       ++...                  P - +0 pair of boots
Stlth    ..........             a - amulet of the gourmand
HPRegen  1.28/turn              z - ring of flight
MPRegen  0.12/turn              u - ring of positive energy

@: lethally poisoned (-5 -> -5), berserk cooldown, regenerating, slowed, very
slow
A: retaliatory headbutt, horns 2
a: Berserk, Trog's Hand, Brothers in Arms, Burn Spellbooks, Renounce Religion,
Evoke Flight


You were on level 11 of the Dungeon.
You worshipped Trog.
Trog was extremely pleased with you.
You were very full.

You visited 2 branches of the dungeon, and saw 12 of its levels.
You also visited: Sewer.

You collected 720 gold pieces.

Inventory:

Hand Weapons
 v - a +0 war axe
 E - a +4 hand axe
 F - a cursed +2 war axe of freezing (weapon)
 G - a +0 hand axe of chopping
 R - a +2 antimagic battleaxe
Missiles
 i - 9 javelins (quivered)
 l - 3 poisoned javelins
Armour
 J - a +0 plate armour (worn)
 M - a +2 cloak (worn)
 P - a +0 pair of boots (worn)
Jewellery
 a - an amulet of the gourmand (around neck)
 j - a +3 ring of intelligence
 u - a ring of positive energy (right hand)
 y - an uncursed ring of fire
 z - a ring of flight (left hand)
Wands
 C - a wand of iceblast (11)
 D - a wand of scattershot (5)
 H - a wand of clouds (3)
 I - a wand of enslavement (11)
 N - a wand of digging (10)
Scrolls
 e - 9 scrolls of teleportation {unknown}
 f - 5 scrolls of remove curse {unknown}
 g - 8 scrolls of identify {unknown}
 m - 4 scrolls of fog {unknown}
 n - 3 scrolls of enchant weapon {unknown}
 p - 3 scrolls of blinking {unknown}
 r - 3 scrolls of amnesia {unknown}
 s - 5 scrolls of fear {unknown}
 x - 3 scrolls of magic mapping {unknown}
 A - 4 scrolls of enchant armour {unknown}
 L - a scroll of immolation {unknown}
Potions
 b - a potion of brilliance {unknown}
 d - a potion of flight {unknown}
 h - a potion of cancellation {unknown}
 k - 2 potions of heal wounds {unknown}
 o - 4 potions of curing {unknown}
 q - 3 potions of ambrosia {unknown}
 t - 3 potions of haste {unknown}
 w - 2 potions of resistance {unknown}
 B - a potion of mutation {unknown}
 K - a potion of degeneration {unknown}
 O - 2 potions of might
Comestibles
 c - 22 rations


   Skills:
 + Level 11.0 Fighting
 + Level 16.2 Axes
 + Level 1.2 Throwing
 + Level 11.6 Armour
 + Level 5.5 Dodging
 + Level 1.8 Stealth


You had 11 spell levels left.
You didn't know any spells.

Dungeon Overview and Level Annotations

Branches:
Dungeon (11/15)            Temple (1/1) D:5            Lair (0/6) D:9
    Orc: D:9-12

Altars:
Ashenzari
Cheibriados
Dithmenos
Elyvilon
Fedhas
Gozag
Hepliaklqana
Kikubaaqudgha
Makhleb
Nemelex Xobeh
Okawaru
Qazlal
Ru
Sif Muna
Trog
Uskayaw
Vehumet
Wu Jian
Xom
Yredelemnul
Zin
The Shining One

Shops:
D:4 }   D:7 =


Innate Abilities, Weirdness & Mutations

You reflexively headbutt those who attack you in melee.
You have a pair of horns on your head.


Message History

The cyan ugly thing closely misses you. You furiously retaliate!
You headbutt the cyan ugly thing!
The phantom blinks!
The sky beast flickers out of sight!
Deactivating autopickup; reactivate with Ctrl-A.
The cyan ugly thing tail-slaps you but does no damage.
You feel sick.
The phantom hits you but does no damage.
The phantom hits you but does no damage.
The orc warrior throws a tomahawk.
The tomahawk misses you. The phantom hits you.
* * * LOW HITPOINT WARNING * * *
You see here a tomahawk.
You feel sick.
A sky beast appears from thin air!
Reactivating autopickup.
The cyan ugly thing tail-slaps you.
* * * LOW HITPOINT WARNING * * *
The cyan ugly thing shocks you!
* * * LOW HITPOINT WARNING * * *
The two-headed ogre hits you with a giant club!
You die...

#.# #. #.# H.. #.#
###CC#.
#########.##.FS#F..
#.........#8†8.8#%#
#.........#Y8.8...#
###.....YZ..o8†8.8.#.
......WOu§..#)8.8$.#
....###@#a#.#8§8.8)# ..
#.#.#.#..###...
######.#.#.#.## .#
#........#.#.# .
#........#.#.#
#........#.#..
#........#.############
#........#.............
#........########.###..


You could see a cyan ugly thing, a two-headed ogre, a phantom, an orc warrior, 2
sky beasts and a water moccasin skeleton.

Vanquished Creatures
  Erolcha (D:9)
  The ghost of Naru the Chopper, a novice TrFi of Elyvilon (D:8)
  The ghost of MsStandart the Fighter, a novice MiBe of Trog (D:10)
  Erica (D:9)
  7 two-headed ogres
  An unseen horror (D:10)
  Pikel (D:8)
  An ugly thing (D:11)
  2 centaur zombies
  A komodo dragon (D:10)
  A troll (D:11)
  A slime creature (D:11)
  3 hippogriffs
  3 yaks (D:8)
  3 soldier ants (D:10)
  Duvessa (D:4)
  3 ice beasts
  3 orc warriors
  2 hell hounds (D:9)
  2 sky beasts
  A black bear (D:6)
  3 phantoms
  4 ogres
  A crocodile (D:9)
  3 centaurs
  A big kobold (D:9)
  8 bullfrogs
  Dowan (D:4)
  A water moccasin zombie (D:10)
  2 scorpions
  18 killer bees
  8 wights
  7 howler monkeys
  6 crimson imps
  A bullfrog zombie (D:10)
  3 quasits
  A jelly (D:11)
  5 orc priests
  A bullfrog skeleton (D:9)
  6 hounds
  A centaur skeleton (D:6)
  2 iguanas
  Ijyb (D:4)
  13 worker ants
  4 orc wizards
  2 gnolls (D:2)
  19 adders
  2 shadow imps
  An ooze (D:3)
  2 adder skeletons
  4 worms
  5 leopard geckos
  23 orcs
  4 ball pythons
  8 bats
  6 giant cockroaches
  12 goblins
  7 hobgoblins
  14 jackals
  17 kobolds
  8 quokkas
  6 frilled lizards
  8 rats
  A plant (D:2)
290 creatures vanquished.

Vanquished Creatures (others)
  2 slaves (D:8)
  A quasit (D:8)
  An adder (D:8)
  A fungus (D:5)
  3 plants
8 creatures vanquished.

Grand Total: 298 creatures vanquished

Notes
Turn   | Place    | Note
-------+----------+-------------------------------------------
     0 | D:1      | Henning the Minotaur Berserker began the quest for the Orb.
     0 | D:1      | Reached XP level 1. HP: 19/19 MP: 0/0
   101 | D:1      | Reached XP level 2. HP: 16/27 MP: 1/1
   127 | D:1      | Reached skill level 4 in Axes
   437 | D:1      | Reached ** piety under Trog
   523 | D:1      | Reached XP level 3. HP: 34/34 MP: 2/2
  1036 | D:2      | Reached XP level 4. HP: 41/41 MP: 3/3
  1104 | D:2      | Reached skill level 5 in Axes
  1532 | D:2      | Found a shattered altar of Ashenzari.
  1741 | D:3      | Reached *** piety under Trog
  1869 | D:3      | Found a basalt altar of Yredelemnul.
  1915 | D:3      | Found a shadowy altar of Dithmenos.
  2050 | D:4      | Reached XP level 5. HP: 32/47 MP: 4/4
  2064 | D:4      | Found Wilatej's Gadget Shop.
  2066 | D:4      | Noticed an ogre
  2072 | D:4      | Killed an ogre
  2072 | D:4      | Reached skill level 5 in Fighting
  2096 | D:4      | Found a glowing drain.
  2232 | Sewer    | Entered a sewer
  2244 | Sewer    | Reached XP level 6. HP: 31/56 MP: 5/5
  2253 | Sewer    | Reached skill level 6 in Axes
  2423 | Sewer    | Reached skill level 1 in Throwing
  2903 | D:4      | Noticed Duvessa
  2905 | D:4      | Noticed Dowan
  2913 | D:4      | Killed Duvessa
  2913 | D:4      | Reached XP level 7. HP: 17/61 MP: 6/6
  2918 | D:4      | Killed Dowan
  2918 | D:4      | Reached skill level 7 in Axes
  2926 | D:4      | Reached **** piety under Trog
  3287 | D:4      | Noticed Ijyb
  3319 | D:4      | Killed Ijyb
  3319 | D:4      | Reached skill level 5 in Armour
  3522 | D:4      | Found a glowing golden altar of the Shining One.
  3523 | D:4      | Found a stormy altar of Qazlal.
  3526 | D:4      | Found a white marble altar of Elyvilon.
  3554 | D:5      | Entered Level 5 of the Dungeon
  3664 | D:5      | Received a gift from Trog
  3746 | D:5      | Found a staircase to the Ecumenical Temple.
  3752 | Temple   | Entered the Ecumenical Temple
  3911 | D:5      | Reached skill level 8 in Axes
  3911 | D:5      | Reached XP level 8. HP: 47/70 MP: 7/7
  4083 | D:5      | Found a shattered altar of Ashenzari.
  4087 | D:5      | Saw a vision of the Swamp and the Snake Pit.
  4087 | D:5      | Noticed an alligator
  4087 | D:5      | Noticed a black mamba
  4087 | D:5      | Noticed an anaconda
  4087 | D:5      | Noticed a naga mage
  4088 | D:5      | Noticed a guardian serpent
  4088 | D:5      | Noticed an alligator
  4414 | D:6      | Reached skill level 9 in Axes
  4667 | D:6      | Noticed a hippogriff
  4675 | D:6      | Killed a hippogriff
  4675 | D:6      | Reached skill level 5 in Dodging
  4675 | D:6      | Reached XP level 9. HP: 54/78 MP: 8/8
  4863 | D:7      | Reached skill level 10 in Axes
  4871 | D:7      | Found a shattered altar of Ashenzari.
  4877 | D:7      | Found Neroushrauz's Jewellery Boutique.
  4992 | D:7      | Found a hazy altar of Hepliaklqana.
  5177 | D:8      | Found a hazy altar of Hepliaklqana.
  5177 | D:8      | Noticed Pikel
  5184 | D:8      | Killed Pikel
  5184 | D:8      | Reached skill level 11 in Axes
  5252 | D:8      | Reached ***** piety under Trog
  5284 | D:8      | Found an ornate altar of the Wu Jian Council.
  5304 | D:8      | Noticed Naru's ghost (novice TrFi)
  5304 | D:8      | Found an iron altar of Okawaru.
  5318 | D:8      | Killed Naru's ghost
  5318 | D:8      | Reached skill level 1 in Stealth
  5318 | D:8      | Reached XP level 10. HP: 59/88 MP: 9/9
  5328 | D:8      | Found a sacrificial altar of Ru.
  5348 | D:8      | Noticed a two-headed ogre
  5372 | D:8      | Killed a two-headed ogre
  5372 | D:8      | Reached skill level 12 in Axes
  5573 | D:8      | Found a burning altar of Makhleb.
  5891 | D:8      | Noticed a two-headed ogre
  5898 | D:8      | Killed a two-headed ogre
  5898 | D:8      | Reached skill level 13 in Axes
  6019 | D:8      | Found a snail-covered altar of Cheibriados.
  6081 | D:8      | Found a deep blue altar of Sif Muna.
  6275 | D:9      | Noticed a two-headed ogre
  6285 | D:9      | Killed a two-headed ogre
  6285 | D:9      | Reached skill level 10 in Armour
  6344 | D:9      | Noticed Erolcha
  6353 | D:9      | Paralysed by Erolcha for 7 turns
  6360 | D:9      | Killed Erolcha
  6360 | D:9      | Reached skill level 14 in Axes
  6360 | D:9      | Reached XP level 11. HP: 37/97 MP: 10/10
  6363 | D:9      | Found a staircase to the Lair.
  6387 | D:9      | Noticed Erica
  6388 | D:9      | Received a gift from Trog
  6401 | D:9      | Killed Erica
  6680 | D:9      | Noticed a two-headed ogre
  6685 | D:9      | Killed a two-headed ogre
  7354 | D:10     | Entered Level 10 of the Dungeon
  7455 | D:10     | Noticed MsStandart's ghost (novice MiBe)
  7457 | D:10     | Reached skill level 10 in Fighting
  7471 | D:10     | Killed MsStandart's ghost
  7669 | D:10     | Reached skill level 15 in Axes
  7918 | D:10     | Noticed a two-headed ogre
  7924 | D:10     | Killed a two-headed ogre
  8086 | D:10     | Killed an unseen horror
  8230 | D:11     | Noticed a brown ugly thing
  8230 | D:11     | Noticed a two-headed ogre
  8232 | D:11     | Received a gift from Trog
  8237 | D:11     | Noticed a two-headed ogre
  8240 | D:11     | Killed a two-headed ogre
  8244 | D:11     | Noticed a cyan ugly thing
  8257 | D:11     | Reached skill level 16 in Axes
  8258 | D:11     | Noticed a two-headed ogre
  8260 | D:11     | Killed a brown ugly thing
  8260 | D:11     | Reached XP level 12. HP: 72/108 MP: 11/11
  8267 | D:11     | Killed a two-headed ogre
  8274 | D:11     | Noticed a sphinx
  8287 | D:11     | Slain by a two-headed ogre

Skill      XL: |  1  2  3  4  5  6  7  8  9 10 11 12 |
---------------+-------------------------------------+-----
Axes           | 4 5 6 8 9 11 14 16 | 16.2
Fighting       | 4 5 6 8 9 10 11 | 11.0
Dodging        | 3 4 5 |  5.5
Armour         | 3 4 5 7 9 10 11 | 11.6
Throwing       | 1 |  1.2
Stealth        | 1 |  1.8

Action                   |  1- 3 |  4- 6 |  7- 9 | 10-12 || total
-------------------------+-------+-------+-------+-------++-------
Melee: Hand axe          |    83 |   166 |    32 |       ||   281
       Headbutt          |    15 |    28 |    46 |    61 ||   150
       War axe           |       |       |   182 |   312 ||   494
Throw: Javelin           |     7 |     3 |     4 |       ||    14
Invok: Berserk           |       |     1 |     1 |     5 ||     7
       Burn Spellbooks   |       |       |       |     3 ||     3
       Trog's Hand       |       |       |       |     2 ||     2
       Brothers in Arms  |       |       |       |     1 ||     1
  Eat: Chunk             |       |     8 |    21 |    14 ||    43
Armor: Animal skin       |    23 |     1 |       |       ||    24
       Scale mail        |       |    48 |    69 |       ||   117
       Plate armour      |       |       |    13 |   185 ||   198
Dodge: Dodged            |    46 |    86 |   124 |   121 ||   377
